 Seeded DCSS version 0.29.1-13-g9f3cf754e1 (webtiles) character file.

Game seed: 8392926816305758615 (custom seed)

60504 sanboga the Severer (level 14, 0/202 HPs)
             Began as a Minotaur Berserker on Jan 20, 2023.
             Was the Champion of Trog.
             Slain by a 16-headed hydra (6 damage)
             ... on level 14 of the Dungeon.
             The game lasted 00:18:06 (13844 turns).

sanboga the Severer (Minotaur Berserker)           Turns: 13844, Time: 00:18:06

Health: 0/202      AC: 37    Str: 20    XL:     14   Next: 57%
Magic:  13/13      EV:  5    Int:  4    God:    Trog [******]
Gold:   1177       SH: 15    Dex: 12    Spells: 13/13 levels left

rFire   + + .      SeeInvis +   a - +10 broad axe "Ucli" {spect, Will+}
rCold   + + .      Faith    .   m - +3 buckler
rNeg    + + +      Spirit   .   i - +12 gold dragon scales of Charmed Amelioration {rPois rF+ rC+ Will+ rCorr}
rPois   +          Reflect  +   t - +2 hat {Stlth+}
rElec   +          Harm     .   (no cloak)
rCorr   +          Rampage  .   x - +0 pair of gloves
Will    ++++.                   B - +0 pair of boots
Stlth   ..........              o - amulet of reflection
HPRegen 0.43/turn               r - ring "Getenusi" {rElec rN++ Will+ Str-5 SInv}
MPRegen 0.13/turn               d - ring of Olofill {rF+ rC+ rN+ rCorr}

@: berserking, very quick
A: horns 2, retaliatory headbutt
a: Renounce Religion, Berserk, Trog's Hand, Brothers in Arms


You were on level 14 of the Dungeon.
You worshipped Trog.
Trog was exalted by your worship.
You visited 1 branch of the dungeon, and saw 14 of its levels.
You also visited: Ice Cave.

You collected 1305 gold pieces.
You spent 128 gold pieces at shops.

Inventory:

Hand Weapons
 a - the +10 broad axe "Ucli" (weapon) {spect, Will+}
   (You acquired it on level 3 of the Dungeon)

   When its wielder attacks, the weapon's spirit leaps out and strikes again.
   The spirit shares a part of any damage it takes with its wielder.
   Will:      It increases your willpower.
 w - the +6 shillelagh "Devastator" {shatter}
   (You found it on level 11 of the Dungeon)

   It releases a powerful concussive burst when it strikes, dealing extra damage
   to the target and all other foes adjacent to them.
 H - a +4 scimitar of flaming
 I - a +4 broad axe
Armour
 i - the +12 gold dragon scales of Charmed Amelioration (worn) {rPois rF+ rC+ Will+ rCorr}
   (You acquired it on level 3 of the Dungeon)

   rF:        It protects you from fire.
   rC:        It protects you from cold.
   rPois:     It protects you from poison.
   rCorr:     It protects you from acid and corrosion.
   Will:      It increases your willpower.
 m - a +3 buckler (worn)
 t - a +2 hat of stealth (worn)
 x - a +0 pair of gloves (worn)
 B - a +0 pair of boots (worn)
Jewellery
 d - the ring of Olofill (right hand) {rF+ rC+ rN+ rCorr}
   (You found it on level 3 of the Dungeon)

   [ring of positive energy]

   rF:        It protects you from fire.
   rC:        It protects you from cold.
   rN:        It protects you from negative energy.
   rCorr:     It protects you from acid and corrosion.
 o - an amulet of reflection (around neck)
 r - the ring "Getenusi" (left hand) {rElec rN++ Will+ Str-5 SInv}
   (You found it on level 3 of the Dungeon)

   [ring of see invisible]

   Str:       It affects your strength (-5).
   rElec:     It insulates you from electricity.
   rN:        It greatly protects you from negative energy.
   SInv:      It lets you see invisible.
   Will:      It increases your willpower.
Wands
 e - a wand of digging (23)
 k - a wand of flame (59)
 n - a wand of polymorph (1)
 y - a wand of charming (11)
 A - a wand of mindburst (13)
 C - a wand of roots (9)
Scrolls
 c - 5 scrolls of fear
 g - a scroll of enchant armour
 j - 3 scrolls of enchant weapon
 q - 6 scrolls of teleportation
 z - a scroll of summoning
 F - a scroll of magic mapping
 L - a scroll of blinking
Potions
 b - a potion of resistance {unknown}
 f - 3 potions of haste
 h - 5 potions of mutation
 l - 3 potions of curing
 p - 5 potions of heal wounds
 s - a potion of berserk rage {unknown}
 u - a potion of cancellation
 v - 2 potions of flight {unknown}
 D - a potion of might {unknown}
 E - 3 potions of invisibility {unknown}
 G - a potion of lignification {unknown}
 K - a potion of magic {unknown}


   Skills:
 + Level 15.1 Fighting
 - Level 18.0 Axes
 + Level 14.9 Armour
 - Level 2.1 Dodging
 + Level 14.5 Shields


You had 13 spell levels left.
You didn't know any spells.
Your spell library was empty.

Dungeon Overview and Level Annotations

Branches:
Dungeon (14/15)            Temple (0/1) D:5            Lair (0/5) D:9
    Orc (0/2) D:9          Vaults (0/5) D:14          IceCv (visited)

Altars:
Dithmenos
Gozag
Hepliaklqana
Okawaru
Trog

Shops:
D:7 *

Portals:
Trove: D:10 (give 14 potions of curing)

Annotations:
D:9 !fly you fool
D:10 !trove
D:13 4 transporters
D:14 1 transporter


Innate Abilities, Weirdness & Mutations

You have a pair of horns on your head.
You reflexively headbutt those who attack you in melee.


Message History

You hit the efreet. You closely miss the bunyip.
You slash the deep troll earth mage! You slice the redback!!
You kill the redback!
The redback's corpse disappears in a puff of smoke!
Your +10 broad axe "Ucli" {spect, Will+} closely misses the efreet.
Your +10 broad axe "Ucli" {spect, Will+} hits the 13-headed hydra!
Your +10 broad axe "Ucli" {spect, Will+} slices one of the 13-headed hydra's heads off!
The 12-headed hydra grows two more!
The bunyip changes into a slime creature!
You chop one of the 14-headed hydra's heads off!
The 13-headed hydra grows two more!
You slash the 15-headed hydra! You headbutt the 15-headed hydra.
The 15-headed hydra is heavily wounded.
You slash the efreet! You slash the slime creature!
You slash the deep troll earth mage!
You kill the deep troll earth mage!
Trog accepts your kill.
Trog appreciates your killing of a magic user.
Your +10 broad axe "Ucli" {spect, Will+} hits the efreet!
You kill the efreet!
Trog accepts your kill.
Your +10 broad axe "Ucli" {spect, Will+} hits the 15-headed hydra!!
Your +10 broad axe "Ucli" {spect, Will+} lops one of the 15-headed hydra's heads off!
The 14-headed hydra grows two more!
The 16-headed hydra bites your +10 broad axe "Ucli" {spect, Will+}!
Your spectral weapon shares its damage with you!
* * * LOW HITPOINT WARNING * * *
The 16-headed hydra bites your +10 broad axe "Ucli" {spect, Will+}!
Your spectral weapon shares its damage with you!
Your +10 broad axe "Ucli" {spect, Will+} fades away.
* * * LOW HITPOINT WARNING * * *
You block the 16-headed hydra's attack.
The 16-headed hydra bites you but does no damage.
You block the 16-headed hydra's attack.
The 16-headed hydra bites you but does no damage. x6
The 16-headed hydra barely misses you. The 16-headed hydra bites you.
* * * LOW HITPOINT WARNING * * *
The 16-headed hydra bites you but does no damage.
The 16-headed hydra bites you.
You die...

...# #########.#####
#........ #..#
######...#.####
#.###.#.. ##.#
######.>..#.### #.#
#.#.. ##.#
#.####...###..# #.#
#.#.. #..##
#..##.....##..# #.#
#.#.. ....#
#..#...c......# #.#
#.#.. ....#
#....○#Tl.....#
#.###.#.. ###.#
#....°°.J.....#
#.....##. ##.#
#....°RD@§#...#
#<....... ##..#
#.#####§.####.#
#.######. ...##
#.####...####.# #.# #.
#### #####....######
#.# #. ####.s#..######
#.# #.
###########.........##
#.# #.
..........#.........#
#.## #.
#....####.#.........#
###†.#####. #....#
#.#.........#
#........#.


You could see a yaktaur captain, a 16-headed hydra, a slime creature shaped
shifter, a troll, an efreet, a basilisk and a jumping spider (summoned).

Vanquished Creatures
  A very ugly thing (IceCv)
  Azrael (D:12)
  2 blizzard demons (IceCv)
  4 vault guards (D:14)
  The ghost of Loveship the Basher, a journeyman MiFi of Okawaru (D:10)
  A caustic shrike simulacrum (IceCv)
  A salamander tyrant (D:13)
  3 boulder beetles
  Erica (D:9)
  A death knight (D:14)
  3 hydras (D:14)
  6 centaur warriors
  5 two-headed ogres
  5 deep troll earth magi (D:14)
  2 tengu warriors
  Lodul (D:13)
  9 spriggan simulacra (IceCv)
  2 wizards (D:14)
  4 deep elf pyromancers
  An orc knight (D:13)
  An obsidian statue (IceCv)
  Pikel (D:7)
  2 manticores
  5 ugly things
  5 centaur zombies (D:11)
  6 cyclopes
  A smoke demon (D:13)
  A gargoyle (D:11)
  A cane toad (shapeshifter) (D:14)
  An unseen horror (D:12)
  A kobold demonologist (D:13)
  2 tengu conjurers (D:14)
  3 efreet
  7 freezing wraiths
  10 ice devils (IceCv)
  A komodo dragon (D:12)
  6 trolls
  2 hornets
  2 slime creatures (D:14)
  3 vampires
  5 wraiths
  2 wyverns (D:10)
  3 shadows
  A dire elephant simulacrum (IceCv)
  11 yaks
  Eustachio (D:5)
  A basilisk (D:14)
  5 fire elementals
  A redback (shapeshifter) (D:14)
  A steam dragon (D:7)
  9 vampire mosquitoes
  9 minotaur simulacra (IceCv)
  2 harpy simulacra (IceCv)
  An acid dragon (D:7)
  7 water moccasins
  2 hydra simulacra (IceCv)
  2 hell hounds (D:12)
  4 orc warriors
  3 sky beasts (D:7)
  An alligator simulacrum (IceCv)
  2 black bears
  2 ettin simulacra (IceCv)
  10 ogres
  19 centaurs
  3 lemures (D:7)
  2 kobold brigands
  8 bullfrogs
  A gnoll sergeant (D:8)
  5 deep troll simulacra (IceCv)
  3 scorpions
  15 killer bees
  4 lindwurm simulacra (IceCv)
  3 howler monkeys
  2 jellies (D:7)
  2 gnoll boudas
  5 orc priests
  9 orc wizards
  6 iguanas
  14 gnolls
  6 adders
  2 shadow imps
  3 white imps
  2 ufetubi
  A worm (D:2)
  A dart slug (D:2)
  44 orcs
  6 bats
  9 endoplasms
  3 giant cockroaches
  8 goblins
  6 hobgoblins
  2 jackals (D:3)
  3 quokkas
  14 ball pythons
  5 frilled lizards
  17 kobolds
  5 rats
438 creatures vanquished.

Vanquished Creatures (others)
  A wizard (D:14)
  A slime creature (D:14)
  An orc wizard (D:12)
  38 plants (D:7)
  2 withered plants (D:11)
43 creatures vanquished.

Grand Total: 481 creatures vanquished

Notes
Turn   | Place    | Note
-------+----------+-------------------------------------------
     0 | D:1      | sanboga the Minotaur Berserker began the quest for the Orb.
     0 | D:1      | Reached XP level 1. HP: 19/19 MP: 0/0
    70 | D:1      | Reached skill level 4 in Axes
    75 | D:1      | Reached XP level 2. HP: 25/27 MP: 1/1
   319 | D:1      | You fall into a shaft and drop 1 floor!
   620 | D:2      | Reached XP level 3. HP: 6/33 MP: 2/2
  1408 | D:2      | Reached ** piety under Trog
  1456 | D:2      | Found a faded altar of an unknown god.
  1592 | D:2      | Reached XP level 4. HP: 40/40 MP: 3/3
  1621 | D:2      | Reached skill level 5 in Axes
  2042 | D:3      | Identified the ring of Olofill {rF+ rC+ rN+ rCorr}
  2090 | D:3      | Identified the ring "Getenusi" {rElec rN++ Will+ Str-5
                  | SInv}
  2333 | D:3      | Identified 3 scrolls of acquirement
  2333 | D:3      | Acquired the +10 broad axe "Ucli" {spect, Will+}
  2335 | D:3      | Acquired a +2 hat of stealth
  2347 | D:3      | Acquired the +12 gold dragon scales of Charmed Amelioration
                  | {rPois rF+ rC+ Will+ rCorr}
  2540 | D:3      | Reached XP level 5. HP: 44/47 MP: 4/4
  2772 | D:3      | Found a bloodstained altar of Trog.
  2880 | D:4      | Noticed a black bear
  2881 | D:4      | Killed a black bear
  2882 | D:4      | Reached skill level 6 in Axes
  2882 | D:4      | Reached skill level 1 in Shields
  2964 | D:4      | Reached skill level 5 in Fighting
  3037 | D:4      | Noticed an ogre
  3042 | D:4      | Killed an ogre
  3043 | D:4      | Reached XP level 6. HP: 53/56 MP: 5/5
  3152 | D:4      | Reached *** piety under Trog
  3439 | D:5      | Entered Level 5 of the Dungeon
  3447 | D:5      | Noticed a water moccasin
  3448 | D:5      | Noticed a troll
  3452 | D:5      | Killed a water moccasin
  3453 | D:5      | Reached skill level 7 in Axes
  3453 | D:5      | Reached XP level 7. HP: 61/61 MP: 6/6
  3456 | D:5      | Killed a troll
  3457 | D:5      | Reached skill level 5 in Armour
  3553 | D:5      | Noticed Eustachio
  3556 | D:5      | Reached skill level 8 in Axes
  3562 | D:5      | Killed Eustachio
  3563 | D:5      | Reached XP level 8. HP: 71/71 MP: 7/7
  3747 | D:5      | Found a staircase to the Ecumenical Temple.
  4213 | D:6      | Reached skill level 9 in Axes
  4214 | D:6      | Reached skill level 5 in Shields
  4215 | D:6      | Reached **** piety under Trog
  4274 | D:6      | Found an iron altar of Okawaru.
  4375 | D:7      | Reached XP level 9. HP: 79/79 MP: 8/8
  4378 | D:7      | Noticed a centaur warrior
  4385 | D:7      | Reached skill level 10 in Axes
  4386 | D:7      | Killed a centaur warrior
  4387 | D:7      | Noticed a manticore
  4406 | D:7      | Reached skill level 11 in Axes
  4675 | D:7      | Reached XP level 10. HP: 76/90 MP: 9/9
  4733 | D:7      | Killed a manticore
  4734 | D:7      | Reached skill level 12 in Axes
  4766 | D:7      | Noticed Pikel
  4771 | D:7      | Killed Pikel
  4963 | D:7      | Found Ruloud's General Store.
  4998 | D:7      | Bought a scroll of fear for 64 gold pieces
  4998 | D:7      | Bought a scroll of poison for 64 gold pieces
  5663 | D:8      | Reached ***** piety under Trog
  5978 | D:8      | Found a hazy altar of Hepliaklqana.
  6275 | D:9      | Found a staircase to the Lair.
  6395 | D:9      | Noticed Erica
  6401 | D:9      | Killed Erica
  6402 | D:9      | Reached skill level 13 in Axes
  6477 | D:9      | Found a staircase to the Orcish Mines.
  6581 | D:9      | Reached XP level 11. HP: 99/99 MP: 10/10
  6939 | D:9      | Reached skill level 10 in Fighting
  7392 | D:10     | Entered Level 10 of the Dungeon
  7573 | D:10     | Found a portal to a secret trove of treasure.
  7642 | D:10     | Found a shadowy altar of Dithmenos.
  7642 | D:10     | Found an opulent altar of Gozag.
  7682 | D:10     | Found a runed translucent door.
  7870 | D:10     | Noticed Loveship's ghost (journeyman MiFi)
  7880 | D:10     | Killed Loveship's ghost
  7907 | D:11     | Reached skill level 10 in Armour
  7959 | D:11     | Noticed a boulder beetle
  7960 | D:11     | Found the +6 shillelagh "Devastator" {shatter}
  7960 | D:11     | Noticed a two-headed ogre
  7970 | D:11     | Reached skill level 14 in Axes
  7971 | D:11     | Killed a boulder beetle
  7972 | D:11     | Killed a two-headed ogre
  8067 | D:11     | Noticed a two-headed ogre
  8073 | D:11     | Killed a two-headed ogre
  8468 | D:11     | Reached skill level 10 in Shields
  8667 | D:11     | Reached skill level 15 in Axes
  8922 | D:12     | Reached XP level 12. HP: 94/110 MP: 11/11
  8926 | D:12     | Identified the +12 battleaxe of Circularity {flame, Will+
                  | Str+3} (Trog gifted it to you on level 12 of the Dungeon)
  8926 | D:12     | Received a gift from Trog
  9096 | D:12     | Noticed a two-headed ogre
  9101 | D:12     | Killed a two-headed ogre
  9160 | D:12     | Noticed a two-headed ogre
  9173 | D:12     | Killed a two-headed ogre
  9180 | D:12     | Noticed a tengu warrior
  9185 | D:12     | Killed a tengu warrior
  9192 | D:12     | Reached skill level 16 in Axes
  9192 | D:12     | Noticed Azrael
  9198 | D:12     | Killed Azrael
  9644 | D:13     | Noticed a salamander tyrant
  9656 | D:13     | Killed a salamander tyrant
 10033 | D:13     | Found a transporter.
 10036 | D:13     | Found a transporter.
 10126 | D:13     | Found a transporter.
 10321 | D:13     | Noticed a boulder beetle
 10330 | D:13     | Killed a boulder beetle
 10331 | D:13     | Reached XP level 13. HP: 114/119 MP: 12/12
 10378 | D:13     | Noticed Lodul
 10381 | D:13     | Reached skill level 17 in Axes
 10388 | D:13     | Killed Lodul
 10596 | D:13     | Found a transporter.
 10598 | D:13     | Reached ****** piety under Trog
 10769 | D:14     | Found a frozen archway.
 10778 | IceCv    | Entered an ice cave
 10801 | IceCv    | Received a gift from Trog
 11171 | IceCv    | Identified the -2 pair of boots of Morality {Rampage rN++
                  | Will+++ Stlth-}
 11564 | IceCv    | Reached skill level 18 in Axes
 11637 | IceCv    | Noticed a white very ugly thing
 11641 | IceCv    | Killed a white very ugly thing
 11698 | IceCv    | Noticed a blizzard demon
 11698 | IceCv    | Noticed a blizzard demon
 11701 | IceCv    | Received a gift from Trog
 11708 | IceCv    | Killed a blizzard demon
 11713 | IceCv    | Killed a blizzard demon
 12323 | D:14     | Reached XP level 14. HP: 48/132 MP: 13/13
 12586 | D:14     | Found a transporter.
 12943 | D:14     | Found a transporter.
 13020 | D:14     | Found a gate to the Vaults.
 13811 | D:14     | Noticed a broodmother
 13832 | D:14     | Reached skill level 15 in Fighting
 13837 | D:14     | a broodmother changed into a jorogumo
 13844 | D:14     | HP: 7/202 [16-headed hydra (5)]
 13844 | D:14     | Slain by a 16-headed hydra

Illustrated notes

Levels and vault maps discovered:
D:1:      scummos_arrival_simple_crosswalls, layout_rooms
D:2:      layout_loops_cross, nicolae_ecumenical_lake_church,
          nicolae_hexahallways, minmay_tiny_reverse_x
D:3:      layout_basic, trog_antimagical, minmay_misc_feat_tower
D:4:      layout_loops_cross, chequers_serial_rivers_large_b
D:5:      layout_cave_pools, minmay_temple_entry_statues_pillars,
          serial_bayou_ford_a, minmay_misc_feat_rows, minmay_diced_spiral,
          uniq_eustachio
D:6:      layout_rooms, okawaru_trees_1
D:7:      nzn_winding_woodlands_cross [nzn_winding_woodlands_5x15_zeroes,
          nzn_winding_woodlands_5x15_river_crossing,
          nzn_winding_woodlands_5x15_eye, nzn_winding_woodlands_5x15_sidewinder,
          nzn_winding_woodlands_15x15_five_gardens], layout_loops_ring,
          serial_shops, shop_statue, uniq_pikel
D:8:      layout_loops_cross, nzn_hepliaklqana_mist_gate
D:9:      layout_basic, lair_entry_dummy, david_orc_2, evilmike_minifort,
          uniq_erica
D:10:     layout_gridville, nicolae_overflow_two_pavilions,
          nicolae_trove_entry_free_sample, ebering_ghost_reflecting_pool
D:11:     layout_loops_corners, serial_undead, serial_undead_c, serial_undead_a,
          serial_undead_b, serial_undead_c, corexii_corridor_pit,
          dilly_guarded_unrand_devastator
D:12:     layout_long_grid, uniq_azrael
D:13:     minmay_firetagon, layout_loops_corners, nicolae_transporter_circle,
          uniq_lodul
D:14:     gammafunk_dig_for_victory, layout_basic,
          lightli_vaults_fourway_checkpoint,
          portal_ice_cave_entry_pillars_three, kennysheep_cross_room, kb_rosetta

Skill      XL: |  1  2  3  4  5  6  7  8  9 10 11 12 13 14 |
---------------+-------------------------------------------+-----
Axes           | 4 5 6 7 8 9 11 13 15 16 18 | 18.0
Fighting       | 4 5 6 7 8 9 11 12 14 15 | 15.1
Armour         | 3 4 5 6 8 9 10 12 13 14 | 14.9
Shields        | 2 4 5 7 8 10 11 13 14 | 14.5
Dodging        | |  2.1

Action                   |  1- 3 |  4- 6 |  7- 9 | 10-12 | 13-15 || total
-------------------------+-------+-------+-------+-------+-------++-------
Melee: Hand axe          |    31 |       |       |       |       ||    31
       War axe           |    42 |    50 |       |       |       ||    92
       Headbutt          |     6 |     8 |    16 |    49 |    59 ||   138
       Punch             |     1 |       |       |       |       ||     1
       Broad axe         |       |    35 |    93 |   281 |   231 ||   640
Invok: Berserk           |       |     1 |     1 |     4 |     6 ||    12
Evoke: Wand              |       |       |       |       |     1 ||     1
  Use: Scroll            |       |     4 |    10 |     5 |     2 ||    21
       Potion            |       |       |     2 |     2 |       ||     4
 Stab: Sleeping          |     1 |       |       |       |       ||     1
       Distracted        |       |       |       |     6 |     4 ||    10
Armor: Animal skin       |    19 |    12 |       |       |       ||    31
       Gold dragon scale |       |    29 |    56 |   151 |   219 ||   455
Dodge: Dodged            |    50 |    33 |     4 |    29 |    32 ||   148
Block: Buckler           |       |    29 |    55 |   175 |   186 ||   445
       Other             |       |     3 |       |       |       ||     3
       Reflection        |       |     4 |     1 |    18 |    19 ||    42
